 Dungeon Crawl Stone Soup version 0.23.2-1-ga50397a6bc (webtiles) character file.

Game seed: 2363267296618520663

59535 CptnHaddock the Warrior (level 14, -5/144 HPs)
             Began as an Ogre Wizard on May 10, 2019.
             Was the Champion of Hepliaklqana.
             Slain by a sixfirhy (12 damage)
             ... summoned by an orc sorcerer
             ... on level 2 of the Orcish Mines.
             The game lasted 01:04:18 (24150 turns).

CptnHaddock the Warrior (Ogre Wizard)              Turns: 24150, Time: 01:04:18

Health: -5/144     AC: 11    Str: 14    XL:     14   Next: 95%
Magic:  26/26      EV:  8    Int: 23    God:    Hepliaklqana [******]
Gold:   2377       SH: 18    Dex: 11    Spells: 12/29 levels left

rFire    + . .     SeeInvis .   k - +9 war axe "Lassuihi" {chop, Dex+4}
rCold    . . .     Gourm    .   l - +0 large shield
rNeg     . . .     Faith    .   N - +3 troll leather armour {Snorg}
rPois    .         Spirit   .   b - +0 hat
rElec    .         Reflect  .   R - +2 cloak {rF+}
rCorr    .         Harm     .   (gloves unavailable)
MR       +....                  (boots unavailable)
Stlth    +.........             t - amulet of regeneration
HPRegen  1.14/turn              q - ring of wizardry
MPRegen  0.20/turn              (no ring)

@: lethally poisoned (-5 -> -5), drained
A: large, unfitting armour, reduced essence, tough skin 1
a: Recall Ancestor, Ancestor Identity, Transference, Idealise, Renounce Religion


You were on level 2 of the Orcish Mines.
You worshipped Hepliaklqana.
Hepliaklqana was exalted by your worship.
You were not hungry.

You visited 5 branches of the dungeon, and saw 21 of its levels.
You also visited: Ossuary and Volcano.

You collected 2922 gold pieces.
You spent 545 gold pieces at shops.

Inventory:

Hand Weapons
 k - the +9 war axe "Lassuihi" (weapon) {chop, Dex+4}
   (You bought it in a shop on level 5 of the Dungeon)

   It inflicts extra damage upon your enemies.
   It affects your dexterity (+4).
 r - a +1 spear
Missiles
 w - 2 throwing nets (quivered)
Armour
 b - a +0 hat (worn)
 l - a +0 large shield (worn)
 N - a +3 troll leather armour (worn) {Snorg}
 R - a +2 cloak of fire resistance (worn)
Jewellery
 q - a ring of wizardry (left hand)
 s - an uncursed amulet of rage
 t - an amulet of regeneration (around neck)
 x - an uncursed amulet of the acrobat
 K - an uncursed ring of fire
Wands
 a - a wand of enslavement (7)
 o - a wand of random effects (58)
 C - a wand of flame (10)
 G - a wand of digging (7)
 L - a wand of scattershot (5)
 M - a wand of polymorph (2)
Scrolls
 g - 5 scrolls of remove curse
 m - 5 scrolls of immolation
 p - 2 scrolls of teleportation
 u - 2 scrolls of identify
 y - a scroll of enchant armour
 z - a scroll of blinking
 B - 6 scrolls of magic mapping
 E - 3 scrolls of enchant weapon
 F - a scroll of summoning
 I - a scroll of fog
 J - 3 scrolls of amnesia
Potions
 c - a potion of curing
 e - 4 potions of agility
 h - a potion of resistance
 i - 3 potions of mutation
 j - 3 potions of flight
 n - 2 potions of magic
 v - 4 potions of haste
 A - 3 potions of might
 D - 2 potions of brilliance
 P - a potion of berserk rage
Comestibles
 d - 31 rations
 f - a chunk of flesh


   Skills:
 + Level 15.9(14.7) Fighting
 - Level 5.0(4.1) Axes
 - Level 1.7(0.9) Dodging
 - Level 1.4(0.6) Stealth
 * Level 14.8(13.7) Shields
 - Level 8.0(7.0) Spellcasting
 - Level 8.0(7.1) Conjurations
 - Level 3.0(2.2) Summonings
 - Level 0.8(0.1) Translocations
 - Level 2.0(1.2) Air Magic
 - Level 2.1(1.3) Poison Magic
 + Level 8.9(8.0) Invocations


You had 12 spell levels left.
You knew the following spells:

 Your Spells              Type           Power        Failure   Level  Hunger
a - Magic Dart            Conj           ####         1%          1    None
b - Call Imp              Summ           ###.....     3%          2    None
c - Mephitic Cloud        Conj/Pois/Air  ###.....     4%          3    None
d - Poisonous Vapours     Pois/Air       ##....       4%          2    None
e - Conjure Flame         Conj/Fire      ###.....     3%          3    None
f - Blink                 Tloc           N/A          8%          2    None
g - Iskenderun's Mystic   Conj           #####...     2%          4    ###....

Your spell library contained the following spells:

 Spells                   Type           Power        Failure   Level  Hunger
 Shock                    Conj/Air       ####         1%          1    None
 Sting                    Conj/Pois      ####         1%          1    None
 Static Discharge         Conj/Air       ####....     2%          3    None
 Confusing Touch          Hex            #.....       5%          1    None
 Swiftness                Chrm/Air       ##......     6%          2    None
 Slow                     Hex            #.......     8%          2    None
 Force Lance              Conj/Tloc      ###.....     12%         4    ###....
 Confuse                  Hex            #.......     16%         3    None
 Gell's Gravitas          Tloc           #.........   16%         3    None
 Lightning Bolt           Conj/Air       ####......   26%         5    #####..
 Airstrike                Air            ##........   30%         4    ###....
 Petrify                  Tmut/Erth      #.......     43%         4    ###....
 Bolt of Magma            Conj/Fire/Erth ###.......   45%         5    #####..
 Metabolic Englaciation   Hex/Ice        #.........   77%         5    #####..
 Yara's Violent Unravell  Hex/Tmut       #.........   77%         5    #####..
 Freezing Cloud           Conj/Ice/Air   ###.......   91%         6    ######.
 Invisibility             Hex            #.......     99%         6    ######.
 Ring of Flames           Chrm/Fire      #.........   100%        7    #######


Dungeon Overview and Level Annotations

Branches:
Dungeon (11/15)            Temple (1/1) D:5            Lair (6/6) D:10
  Swamp (1/4) Lair:3        Snake (0/4) Lair:4        Slime (0/5) Lair:6
    Orc (2/2) D:9             Elf (0/3) Orc:2

Altars:
Ashenzari
Cheibriados
Dithmenos
Elyvilon
Fedhas
Gozag
Hepliaklqana
Kikubaaqudgha
Makhleb
Nemelex Xobeh
Okawaru
Qazlal
Ru
Sif Muna
Trog
Uskayaw
Vehumet
Wu Jian
Xom
Yredelemnul
Zin
The Shining One
Jiyva

Shops:
D:5 (   D:9 =   Orc:2 ?}

Annotations:
D:8 exclusion: 2 doors
D:9 Gastronok
Lair:6 exclusion: 2 oklob plants
Swamp:1 exclusion: Roxanne, Roxanne
Orc:1 3 runed translucent doors, BorisKarlOrff's ghost, journeyman MiFi


Innate Abilities, Weirdness & Mutations

You are too large for most types of armour.
You have tough skin. (AC +1)
Your life essence is reduced to manifest your ancestor. (-10% HP)


Message History

Unknown command.
Unknown command.
You closely miss the orc sorcerer.
The orc sorcerer is almost dead.
You hit the sixfirhy.
You hit the soul eater but do no damage.
You feel sick.
The soul eater disappears in a puff of smoke!
The sixfirhy hits you.
* * * LOW HITPOINT WARNING * * *
The sixfirhy shocks you!
* * * LOW HITPOINT WARNING * * *
The sixfirhy hits you.
* * * LOW HITPOINT WARNING * * *
The sixfirhy shocks you!
* * * LOW HITPOINT WARNING * * *
The sixfirhy hits you.
* * * LOW HITPOINT WARNING * * *
The sixfirhy shocks you!
You die...

≈≈≈≈≈≈....≈# #≈§.#
≈§≈####...≈# .≈≈..#
≈###......§# .....##
≈#........≈# ......##
##..§≈≈...≈# #......##
#∩.#####..≈#####.......#
##..≈§≈...§≈≈..#.....8.≈
#.............R3o...#
###.........8.#@§.._#
###8.≈≈≈....+..8###
#≈≈≈≈≈≈≈≈...##...≈≈
#≈≈≈≈≈≈≈≈≈≈≈≈≈##≈≈≈##
#####≈≈§§≈##### ####
######


You could see the friendly Enheduana the hexer, a sixfirhy and an orc sorcerer.

Vanquished Creatures
  A dire elephant (Lair:6)
  A red draconian (Volcano)
  Snorg (Lair:4)
  An ice dragon (Lair:6)
  Harold (D:7)
  2 catoblepae
  7 hydras
  5 two-headed ogres
  An ogre mage (Volcano)
  2 death yaks (Lair:6)
  A lindwurm (Lair:6)
  2 manticores (Lair:6)
  3 orc sorcerers (Orc:2)
  14 elephants
  2 black mambas
  4 torpor snails
  8 spiny frogs
  2 molten gargoyles (Lair:4)
  6 komodo dragons
  5 rime drakes
  2 polar bears
  2 tyrant leeches (Lair:6)
  8 hornets
  4 blink frogs
  5 hippogriffs
  9 dream sheep (Lair:6)
  3 wyverns
  22 yaks
  2 basilisks
  2 fire bats (Lair:6)
  A golden eye (Lair:6)
  Menkaure (D:6)
  2 wargs
  8 water moccasins
  4 porcupines
  6 orc warriors
  An ice beast (D:7)
  2 sky beasts
  3 ogres
  3 phantoms
  2 necrophages
  An eye of draining (D:8)
  6 wolves
  6 centaurs
  15 crocodiles
  5 big kobolds
  9 bullfrogs
  A scorpion (D:8)
  3 wights (D:9)
  9 killer bees
  A howler monkey (D:9)
  3 lava snakes (Lair:4)
  A bullfrog zombie (D:8)
  6 crimson imps (D:10)
  3 hounds
  8 orc priests
  Ijyb (D:4)
  18 orc wizards
  A bullfrog skeleton (D:10)
  A gnoll shaman (D:7)
  3 worker ants
  5 hexers
  A mummy (Ossuary)
  A howler monkey zombie (D:8)
  12 gnolls
  A howler monkey skeleton (D:11)
  8 adders
  4 shadow imps
  2 white imps (D:10)
  An ooze (D:6)
  2 dart slugs
  3 leopard geckos
  57 orcs
  A ball python (D:3)
  6 bats
  7 giant cockroaches
  A gnoll zombie (Ossuary)
  13 goblins
  7 hobgoblins
  23 jackals
  7 quokkas
  9 frilled lizards
  A goblin zombie (Ossuary)
  A hobgoblin zombie (Ossuary)
  2 jackal skeletons (D:4)
  A jackal zombie (D:7)
  23 kobolds
  A quokka zombie (D:7)
  5 rats
  3 fungi
  A plant (Lair:6)
471 creatures vanquished.

Vanquished Creatures (collateral kills)
  A two-headed ogre (Volcano)
  A death yak (Lair:6)
  Nergalle (Lair:4)
  2 lindwurms (Lair:6)
  An ugly thing (D:9)
  An orc sorcerer (Orc:2)
  3 elephants
  A black mamba (Lair:3)
  2 torpor snails (Lair:6)
  A rime drake (Lair:5)
  A komodo dragon (Lair:3)
  5 spiny frogs
  A troll (D:7)
  A polar bear (Lair:3)
  A tyrant leech (Lair:6)
  A hippogriff (Lair:1)
  A blink frog (Lair:5)
  6 dream sheep (Lair:6)
  7 yaks
  A wyvern (Lair:5)
  A fire bat (Lair:6)
  2 porcupines
  A water moccasin (Lair:6)
  2 orc warriors
  An ogre (Orc:2)
  3 wolves
  A centaur (D:10)
  4 bullfrogs
  2 scorpions
  3 killer bees
  A howler monkey (D:9)
  A crimson imp (D:5)
  2 lava snakes (Lair:4)
  A centaur zombie (Ossuary)
  2 hounds
  2 orc priests
  A worker ant (D:10)
  9 orc wizards
  A big kobold zombie (Ossuary)
  A hound skeleton (D:6)
  A mummy (Ossuary)
  A worker ant zombie (D:7)
  6 gnolls
  An adder zombie (D:7)
  A worm (D:2)
  A leopard gecko (D:5)
  11 orcs
  A giant cockroach (D:6)
  A goblin (D:4)
  5 gnoll zombies (Ossuary)
  4 goblin zombies (Ossuary)
  A kobold (D:11)
  A plant (Lair:6)
115 creatures vanquished.

Vanquished Creatures (others)
  An ancestor (D:6)
  23 hexers
  22 fungi
  19 plants
65 creatures vanquished.

Grand Total: 651 creatures vanquished

Notes
Turn   | Place    | Note
-------+----------+-------------------------------------------
     0 | D:1      | CptnHaddock the Ogre Wizard began the quest for the Orb.
     0 | D:1      | Reached XP level 1. HP: 16/16 MP: 5/5
    29 | D:1      | Reached skill level 1 in Conjurations
   303 | D:1      | Reached XP level 2. HP: 26/26 MP: 3/6
   364 | D:1      | Reached skill level 1 in Fighting
   546 | D:1      | Learned a level 2 spell: Call Imp
   655 | D:1      | Reached skill level 1 in Summonings
  1079 | D:1      | Reached XP level 3. HP: 27/33 MP: 1/8
  2078 | D:2      | Found a sparkling altar of Nemelex Xobeh.
  2187 | D:2      | Found a white marble altar of Elyvilon.
  2210 | D:2      | Reached XP level 4. HP: 39/42 MP: 1/10
  2447 | D:3      | Reached skill level 2 in Fighting
  2618 | D:3      | Learned a level 2 spell: Blink
  2622 | D:3      | Learned a level 3 spell: Mephitic Cloud
  2634 | D:3      | Found a sacrificial altar of Ru.
  3110 | D:3      | Reached XP level 5. HP: 42/50 MP: 0/11
  3244 | D:3      | Found a burning altar of Makhleb.
  3362 | D:3      | Found a faded altar of an unknown god.
  3911 | D:4      | Reached skill level 3 in Fighting
  4142 | D:4      | Reached XP level 6. HP: 52/61 MP: 0/12
  4314 | D:4      | Noticed a phantom
  4503 | D:4      | Killed a phantom
  4503 | D:4      | Reached skill level 5 in Spellcasting
  4648 | D:4      | Found a glowing silver altar of Zin.
  4967 | D:4      | Reached skill level 4 in Fighting
  4973 | D:4      | Noticed Ijyb
  5031 | D:4      | Killed Ijyb
  5274 | D:4      | Learned a level 3 spell: Conjure Flame
  5275 | D:5      | Entered Level 5 of the Dungeon
  5333 | D:5      | Found a shadowy altar of Dithmenos.
  5348 | D:5      | Found a staircase to the Ecumenical Temple.
  5379 | Temple   | Entered the Ecumenical Temple
  5615 | Temple   | Became a worshipper of Hepliaklqana the Forgotten
  5754 | D:5      | Found Oquemioh's Antique Weapon Shop.
  5986 | D:5      | Reached XP level 7. HP: 63/63 MP: 9/14
  6072 | D:5      | Reached skill level 1 in Air Magic
  6148 | D:5      | Reached * piety under Hepliaklqana
  6412 | D:6      | Noticed Menkaure
  6546 | D:6      | Reached skill level 1 in Poison Magic
  6731 | D:6      | Found a sand-covered staircase.
  6736 | Ossuary  | Entered an ossuary
  7027 | D:5      | Bought an ancient war axe for 246 gold pieces
  7027 | D:5      | Identified the +9 war axe "Lassuihi" {chop, Dex+4} (You
                  | bought it in a shop on level 5 of the Dungeon)
  7234 | D:6      | Reached skill level 5 in Fighting
  7270 | D:6      | Reached skill level 1 in Axes
  7270 | D:6      | Reached XP level 8. HP: 60/69 MP: 16/16
  7470 | D:6      | Reached ** piety under Hepliaklqana
  7504 | D:6      | Found a shimmering altar of Xom.
  7505 | D:6      | Found a shimmering altar of Xom.
  7507 | D:6      | Found a shimmering altar of Xom.
  7508 | D:6      | Found a shimmering altar of Xom.
  7510 | D:6      | Found a shimmering altar of Xom.
  7511 | D:6      | Found a shimmering altar of Xom.
  7690 | D:6      | Remembered your ancestor Enheduana as a hexer
  7698 | D:6      | Killed Menkaure
  7698 | D:6      | Reached skill level 6 in Fighting
  7826 | D:6      | Found a shattered altar of Ashenzari.
  8735 | D:7      | Noticed Harold
  8799 | D:7      | Reached skill level 1 in Shields
  9156 | D:6      | Reached skill level 7 in Fighting
  9156 | D:6      | Reached XP level 9. HP: 33/78 MP: 18/18
  9486 | D:7      | Paralysed by Harold for 6 turns
  9500 | D:7      | Killed Harold
  9500 | D:7      | Reached skill level 5 in Conjurations
  9823 | D:7      | Reached skill level 8 in Fighting
 10089 | D:7      | Noticed a troll
 10096 | D:7      | Killed a troll
 10148 | D:7      | Reached *** piety under Hepliaklqana
 10291 | D:8      | Reached XP level 10. HP: 73/89 MP: 21/21
 10323 | D:8      | Reached skill level 5 in Shields
 10466 | D:8      | Found a shimmering altar of Xom.
 11120 | D:9      | Noticed Gastronok
 11401 | D:9      | Reached skill level 5 in Axes
 11405 | D:9      | Reached skill level 9 in Fighting
 11479 | D:9      | Found a staircase to the Orcish Mines.
 11754 | D:9      | Noticed a red ugly thing
 11814 | D:9      | Killed a red ugly thing
 12049 | D:9      | Found Sen Qoo's Jewellery Boutique.
 12267 | D:10     | Entered Level 10 of the Dungeon
 12449 | D:10     | Reached skill level 10 in Fighting
 12457 | D:10     | Reached **** piety under Hepliaklqana
 12760 | D:10     | Found a staircase to the Lair.
 12805 | D:10     | Noticed a two-headed ogre
 12817 | D:10     | Killed a two-headed ogre
 12817 | D:10     | Reached XP level 11. HP: 93/102 MP: 17/23
 12865 | D:10     | Noticed a two-headed ogre
 12885 | D:10     | Killed a two-headed ogre
 13356 | D:10     | Reached skill level 11 in Fighting
 13409 | D:11     | Found a radiant altar of Vehumet.
 13523 | D:11     | Noticed a two-headed ogre
 13605 | Lair:1   | Entered Level 1 of the Lair of Beasts
 13611 | Lair:1   | Identified the Grimoire of Captivating Confrontation
 13767 | Lair:1   | You fall through a shaft!
 13773 | Lair:2   | Found a basalt altar of Yredelemnul.
 14313 | Lair:2   | Noticed a seven-headed hydra
 14381 | Lair:1   | Reached ***** piety under Hepliaklqana
 14446 | Lair:1   | Learned a level 2 spell: Poisonous Vapours
 14672 | Lair:1   | Learned a level 4 spell: Iskenderun's Mystic Blast
 15072 | Lair:2   | Reached skill level 10 in Shields
 15162 | Lair:2   | Reached skill level 12 in Fighting
 15555 | Lair:2   | Killed a seven-headed hydra
 15730 | Lair:3   | Reached XP level 12. HP: 118/118 MP: 12/24
 16244 | Lair:3   | Found a staircase to the Swamp.
 17014 | Lair:4   | Noticed Nergalle
 17025 | Lair:4   | Killed Nergalle
 17124 | Lair:4   | Reached skill level 1 in Invocations
 17168 | Lair:4   | Noticed Snorg
 17183 | Lair:4   | Killed Snorg
 17183 | Lair:4   | Reached skill level 13 in Fighting
 17374 | Lair:4   | Found a staircase to the Snake Pit.
 17809 | Lair:4   | Noticed a six-headed hydra
 17838 | Lair:4   | Killed a six-headed hydra
 18402 | Lair:3   | Noticed a catoblepas
 18418 | Lair:3   | Killed a catoblepas
 18418 | Lair:3   | Reached XP level 13. HP: 106/129 MP: 22/25
 19380 | Lair:6   | Entered Level 6 of the Lair of Beasts
 19459 | Lair:6   | Reached skill level 14 in Fighting
 19459 | Lair:6   | Reached skill level 5 in Invocations
 19474 | Lair:6   | Found a dark tunnel.
 19486 | Volcano  | Entered a volcano
 19744 | Volcano  | Noticed a red draconian
 19756 | Volcano  | Killed a red draconian
 19906 | Lair:6   | Found a viscous altar of Jiyva.
 19908 | Lair:6   | Found a staircase to the Slime Pits.
 20083 | Lair:6   | Reached XP level 14. HP: 69/141 MP: 26/26
 20481 | Lair:6   | Reached skill level 15 in Fighting
 20654 | Lair:6   | Reached ****** piety under Hepliaklqana
 20923 | Lair:6   | Noticed a dire elephant
 20973 | Lair:6   | Killed a dire elephant
 21989 | Lair:6   | Found a runed translucent door.
 22037 | Lair:6   | HP: 3/143 [hornet (11)]
 22209 | Lair:6   | Paralysed by a hornet for 3 turns
 22287 | Lair:6   | Paralysed by a hornet for 2 turns
 22306 | Lair:6   | Paralysed by a hornet for 3 turns
 22849 | Swamp:1  | Entered Level 1 of the Swamp
 22849 | Swamp:1  | Noticed Roxanne
 22966 | Orc:1    | Entered Level 1 of the Orcish Mines
 23186 | Orc:1    | Noticed Maurice
 23297 | Orc:1    | Noticed Maurice
 23297 | Orc:1    | Maurice changed into Maurice the sky beast
 23302 | Orc:1    | Killed Maurice the sky beast
 23304 | Orc:1    | Found a runed translucent gate.
 23307 | Orc:1    | Found a runed translucent gate.
 23308 | Orc:1    | Found a runed translucent gate.
 23314 | Orc:1    | Noticed a stone giant
 23314 | Orc:1    | Noticed BorisKarlOrff's ghost (journeyman MiFi)
 23429 | Orc:2    | Entered Level 2 of the Orcish Mines
 23718 | Orc:2    | Found a staircase to the Elven Halls.
 24093 | Orc:2    | Found Ymnov's Magic Scroll Shop.
 24102 | Orc:2    | Bought a scroll of blinking for 112 gold pieces
 24102 | Orc:2    | Bought a scroll of teleportation for 45 gold pieces
 24102 | Orc:2    | Bought a scroll of summoning for 142 gold pieces
 24115 | Orc:2    | Found Egeboig's Gadget Boutique.
 24135 | Orc:2    | Found an ancient bone altar of Kikubaaqudgha.
 24150 | Orc:2    | HP: 7/144 [sixfirhy[an orc sorcerer] (5)]
 24150 | Orc:2    | Slain by a sixfirhy

Skill      XL: |  1  2  3  4  5  6  7  8  9 10 11 12 13 14 |
---------------+-------------------------------------------+-----
Conjurations   | 1 2 3 4 5 7 8 |  8.0
Fighting       | 1 2 3 4 5 7 8 10 12 13 14 15 | 15.9
Summonings     | 1 2 3 |  3.0
Spellcasting   | 4 5 6 7 8 |  8.0
Air Magic      | 2 |  2.0
Poison Magic   | 2 |  2.1
Axes           | 1 2 4 5 |  5.0
Shields        | 2 4 8 10 12 13 14 | 14.8
Invocations    | 3 6 8 |  8.9
Dodging        | |  1.7
Stealth        | |  1.4
Translocations | |  0.8

Action                   |  1- 3 |  4- 6 |  7- 9 | 10-12 | 13-15 || total
-------------------------+-------+-------+-------+-------+-------++-------
Melee: Unarmed           |     6 |       |       |       |       ||     6
       Dagger            |    35 |    64 |     2 |       |       ||   101
       Spear             |       |       |    38 |       |       ||    38
       War axe           |       |       |   144 |   453 |   545 ||  1142
 Cast: Magic Dart        |    92 |   167 |    26 |    19 |       ||   304
       Call Imp          |     3 |    24 |    10 |     1 |       ||    38
       Mephitic Cloud    |       |       |     3 |    12 |     5 ||    20
       Iskenderun's Myst |       |       |       |    36 |    17 ||    53
       Conjure Flame     |       |       |       |     1 |       ||     1
Invok: Recall Ancestor   |       |       |     2 |     3 |     1 ||     6
       Ancestor Life: He |       |       |     1 |       |       ||     1
       Idealise          |       |       |       |       |     1 ||     1
 Abil: Evoke Berserk Rag |       |       |     1 |       |       ||     1
Evoke: Wand              |       |       |    10 |    11 |     8 ||    29
  Use: Scroll            |       |     4 |     7 |    10 |    10 ||    31
       Potion            |       |       |       |     1 |     5 ||     6
 Stab: Distracted        |       |     1 |       |     5 |     6 ||    12
       Paralysed         |       |       |     4 |     1 |       ||     5
       Sleeping          |       |       |     1 |     2 |       ||     3
       Confused          |       |       |     3 |     9 |    11 ||    23
  Eat: Chunk             |     3 |    12 |    11 |    17 |    13 ||    56
       Ration            |       |       |     1 |     4 |     2 ||     7
Armor: Robe              |    19 |    45 |    26 |    54 |       ||   144
       Troll leather arm |       |       |       |    13 |   175 ||   188
Dodge: Dodged            |    56 |    87 |   102 |   153 |   155 ||   553
Block: Large shield      |       |       |       |   305 |   535 ||   840
